 Dungeon Crawl Stone Soup version 0.18-a0-626-geb0fed7 (webtiles) character file.

7826 Proton the Cleaver (level 11, -3/87 HPs)
             Began as a Formicid Fighter on Dec 4, 2015.
             Was a Believer of Ru.
             Slain by an 11-headed hydra (8 damage)
             ... on level 12 of the Dungeon.
             The game lasted 00:25:43 (11937 turns).

Proton the Cleaver (Formicid Fighter)              Turns: 11937, Time: 00:25:43

Health: -3/87      AC: 20    Str: 22    XL:     11   Next: 44%
Magic:  11/11      EV: 10    Int:  8    God:    Ru [**....]
Gold:   428        SH: 11    Dex: 10    Spells: 0 memorised, 10 levels left

rFire  + . .     SeeInvis +     a - +0 war axe
rCold  . . .     Clarity  .     O - +2 chain mail {rF+}
rNeg   . . .     SustAt   .     c - +0 shield
rPois  +         Gourm    .     (helmet unavailable)
rElec  .         Spirit   .     q - +1 cloak
rCorr  .         Dismiss  .     G - +0 pair of gloves
rMut   .         Stasis   +     w - +2 pair of boots
MR     +....                    i - amulet of faith
Stlth  ..........               n - ring of poison resistance
                                (no ring)

@: somewhat resistant to hostile enchantments, extremely unstealthy
A: permanent stasis, dig shafts and tunnels, four strong arms, antennae 3,
mutation resistance 1, weak 1, no stealth, no conjurations magic, no fire magic,
no necromancy magic
a: Dig, Shaft Self, Renounce Religion


You were on level 12 of the Dungeon.
You worshipped Ru.
Ru was pleased with you.
You were not hungry.

You visited 3 branches of the dungeon, and saw 15 of its levels.

You collected 608 gold pieces.
You spent 180 gold pieces at shops.

Inventory:

Hand Weapons
 a - a +0 war axe (weapon)
Armour
 c - a +0 shield (worn)
 q - a +1 cloak (worn)
 w - a +2 pair of boots (worn)
 G - a +0 pair of gloves (worn)
 O - a +2 chain mail of fire resistance (worn)
Jewellery
 i - an amulet of faith (around neck)
 j - an uncursed ring of ice
 n - a ring of poison resistance (right hand)
 v - an uncursed amulet of regeneration {unknown}
 A - an uncursed amulet of rage {unknown}
 E - an uncursed amulet of the gourmand {unknown}
 N - an uncursed amulet of resist corrosion {unknown}
Wands
 h - a wand of disintegration (7)
 B - a wand of disintegration (11)
Scrolls
 e - 3 scrolls of blinking {unknown}
 f - 3 scrolls of remove curse
 g - 3 scrolls of enchant weapon {unknown}
 m - 2 scrolls of random uselessness {unknown}
 s - 2 scrolls of recharging
 t - 3 scrolls of noise
 y - 2 scrolls of immolation
 F - a scroll of amnesia
 I - a scroll of magic mapping
Potions
 b - 4 potions of heal wounds
 d - 2 potions of might
 k - a potion of cancellation {unknown}
 l - 2 potions of lignification
 o - a potion of resistance
 p - a potion of magic
 z - 5 potions of curing
 C - a potion of agility
 H - 2 potions of flight
 K - 4 potions of brilliance
Comestibles
 x - 23 fruits


   Skills:
 + Level 8.7 Fighting
 * Level 10.1 Axes
 + Level 8.4 Armour
 + Level 6.1 Dodging
 + Level 8.7 Shields


You had 10 spell levels left.
You didn't know any spells.

Dungeon Overview and Level Annotations

Branches:
Dungeon (13/15)            Temple (1/1) D:4            Lair (1/8) D:10
    Orc (0/4) D:9
 Vaults: D:13-14

Altars:
Ashenzari
Cheibriados
Dithmenos
Elyvilon
Fedhas
Gozag
Kikubaaqudgha
Makhleb
Nemelex Xobeh
Okawaru
Pakellas
Qazlal
Ru
Sif Muna
Trog
Vehumet
Xom
Yredelemnul
Zin
The Shining One

Shops:
D:6 =   D:9 *

Portals:
Trove: D:10 (give wand of heal wounds (8))

Annotations:
D:11 Maud, Sonja
D:13 Maurice


Innate Abilities, Weirdness & Mutations

You are under a permanent stasis effect.
You can dig through walls and to a lower floor.
Your four strong arms can wield two-handed weapons with a shield.
You have a pair of large antennae on your head (SInv).
You cannot be stealthy.
You cannot study or cast Conjurations magic.
You cannot study or cast Fire magic.
You cannot study or cast Necromancy magic.
You are somewhat resistant to further mutation.
You are weak. (Str -2)


Message History

* * * LOW HITPOINT WARNING * * *
The 11-headed hydra bites you but does no damage. x2
The 11-headed hydra bites you!
* * * LOW HITPOINT WARNING * * *
You block the 11-headed hydra's attack.
The 11-headed hydra bites you but does no damage.
You block the 11-headed hydra's attack. The 11-headed hydra barely misses you.
The 11-headed hydra bites you but does no damage. x2
The 11-headed hydra bites you.
* * * LOW HITPOINT WARNING * * *
There is an open door here.
The shadow imp gestures at you. You resist with significant effort.
Drink which item? (? for menu, Esc to quit)
Okay, then.
You open the door.
The shadow imp shouts, "Slither hence, thou rank flap-mouthed toady!"
The 11-headed hydra bites you but does no damage.
You block the 11-headed hydra's attack. The 11-headed hydra bites you!
You die...

*,******* *#######+########.....
,,,,,,,,****............##§......
,,,,,,,,,,**............#..#.....
,,,,,,,,*,,+............'.##.....
,,,,,,,,****.....>..[...####.....
********* **######'##### #.....
,,,**** ##5.# ###### **,,,,*
##D.## ***,. ****,* #@.## *,,,*
*,* *#'##***** **+*** *,*
*...,,,,,*****,,,,, *****+*****
#....,,,,+,,**,,,,, ,,,,,,,∩,,*
#.....,,,**,**,,,,,
,,,,,,,,,,****#......,,**,,+,,,,,
,,,,,,,,,,+,,,+.......,*****,,,,,
,,,,,,,,,,****#........* *,,,,,
*********** ****+***** *,,,,,


You could see a 11-headed hydra and a shadow imp.

Vanquished Creatures
  A gargoyle (D:12)
  A two-headed ogre (D:9)
  4 trolls
  A wyvern (D:8)
  A deep elf fighter (D:10)
  A deep elf mage (D:12)
  A hungry ghost (D:7)
  4 yaks (D:10)
  2 hippogriffs
  2 ice beasts
  A black bear (D:6)
  4 orc warriors
  A necrophage (D:6)
  6 ogres
  3 sky beasts
  2 centaurs
  6 giant frogs
  19 big kobolds
  A water moccasin zombie (D:10)
  2 crocodiles (D:10)
  3 scorpions
  A water moccasin skeleton (D:8)
  5 jellies
  4 crimson imps
  A centaur zombie (D:8)
  A giant frog zombie (D:10)
  5 hounds
  2 centaur skeletons
  4 orc priests
  A giant frog skeleton (D:4)
  4 orc wizards
  4 worker ants
  2 iguanas
  A hound zombie (D:8)
  A hound skeleton (D:6)
  A worker ant zombie (D:10)
  12 adders
  3 gnolls (D:6)
  17 river rats
  2 shadow imps
  2 adder skeletons
  An adder zombie (D:8)
  4 worms
  7 giant geckos
  33 orcs
  11 giant cockroaches
  8 hobgoblins
  11 jackals
  28 kobolds
  12 quokkas
  18 bats
  A giant gecko zombie (D:6)
  2 giant newts
  7 goblins
  2 quokka skeletons
  A quokka zombie (D:5)
  19 rats
  2 fungi (D:10)
306 creatures vanquished.

Vanquished Creatures (others)
  2 fungi
  A plant (D:10)
3 creatures vanquished.

Grand Total: 309 creatures vanquished

Notes
Turn   | Place    | Note
--------------------------------------------------------------
     0 | D:1      | Proton the Formicid Fighter began the quest for the Orb.
     0 | D:1      | Reached XP level 1. HP: 18/18 MP: 1/1
   195 | D:1      | Reached XP level 2. HP: 22/24 MP: 2/2
   206 | D:1      | Found a sparkling altar of Nemelex Xobeh.
   506 | D:2      | Reached XP level 3. HP: 19/29 MP: 3/3
   871 | D:2      | Reached skill level 4 in Fighting
   871 | D:2      | Reached XP level 4. HP: 37/37 MP: 4/4
  1307 | D:3      | Reached skill level 1 in Dodging
  1307 | D:3      | Reached XP level 5. HP: 24/42 MP: 5/5
  1918 | D:3      | Reached XP level 6. HP: 47/49 MP: 6/6
  2080 | D:3      | Found a burning altar of Makhleb.
  2361 | D:4      | Found a staircase to the Ecumenical Temple.
  2373 | Temple   | Entered the Ecumenical Temple
  2428 | Temple   | Became a worshipper of Ru the Awakened
  2679 | D:4      | Reached XP level 7. HP: 55/55 MP: 7/7
  3139 | D:5      | Entered Level 5 of the Dungeon
  3240 | D:5      | You fall through a shaft for 3 floors!
  3763 | D:7      | Gained mutation: You cannot study or cast Fire magic. [Ru sacrifice]
  3763 | D:7      | Gained mutation: You cannot study or cast Necromancy magic. [Ru sacrifice]
  3763 | D:7      | Gained mutation: You cannot study or cast Conjurations magic. [Ru sacrifice]
  3763 | D:7      | Reached * piety under Ru
  3825 | D:7      | Found an iron altar of Okawaru.
  3988 | D:6      | Reached skill level 5 in Fighting
  3988 | D:6      | Reached skill level 5 in Axes
  3988 | D:6      | Reached skill level 5 in Armour
  3988 | D:6      | Reached skill level 5 in Shields
  4008 | D:6      | Reached XP level 8. HP: 26/62 MP: 8/8
  4823 | D:5      | Reached skill level 6 in Axes
  5209 | D:5      | Reached XP level 9. HP: 63/69 MP: 9/9
  5213 | D:5      | Gained mutation: Your magical capacity is low (-10% MP). [mutagenic meat]
  5215 | D:5      | Gained mutation: You are weak. (Str -2) [mutagenic meat]
  5216 | D:5      | Lost mutation: Your magical capacity is low (-10% MP). [mutagenic meat]
  5601 | D:6      | Found Duogik's Jewellery Emporium.
  5732 | D:7      | Reached skill level 7 in Axes
  5767 | D:7      | Gained mutation: You are somewhat resistant to further mutation. [potion of mutation]
  5774 | D:7      | Found a blossoming altar of Fedhas.
  5784 | D:7      | Found a stormy altar of Qazlal.
  5808 | D:7      | You fall through a shaft!
  6521 | D:8      | Reached XP level 10. HP: 61/77 MP: 10/10
  6527 | D:8      | Reached skill level 8 in Axes
  6712 | D:8      | Gained mutation: You cannot be stealthy. [Ru sacrifice]
  6712 | D:8      | Reached ** piety under Ru
  6913 | D:8      | Reached skill level 5 in Dodging
  6949 | D:8      | Found a shadowy altar of Dithmenos.
  6964 | D:8      | Found an ancient bone altar of Kikubaaqudgha.
  6975 | D:8      | Found a radiant altar of Vehumet.
  7005 | D:8      | Found an oddly glowing altar of Pakellas.
  7686 | D:9      | Found a staircase to the Orcish Mines.
  8020 | D:9      | Reached skill level 9 in Axes
  8664 | D:9      | Found Xoggeck's General Store.
  8883 | D:10     | Entered Level 10 of the Dungeon
  9001 | D:10     | Reached XP level 11. HP: 81/86 MP: 11/11
  9413 | D:10     | Found a portal to a secret trove of treasure.
  9473 | D:9      | Bought 3 potions of heal wounds for 180 gold pieces
  9646 | D:10     | Found a staircase to the Lair.
 10054 | D:11     | Noticed Maud
 10356 | D:11     | Noticed Sonja
 10397 | Lair:1   | Entered Level 1 of the Lair of Beasts
 10455 | Lair:1   | Reached skill level 10 in Axes
 11546 | D:12     | Noticed an eight-headed hydra
 11840 | D:13     | Noticed Maurice
 11932 | D:12     | HP: 4/87 [11-headed hydra (2)]
 11937 | D:12     | Slain by an 11-headed hydra

Vault maps used:
D:1:      lemuel_arrival_rhombus, minmay_misc_feat_iff, grunt_decor_cap,
          nemelex_diamond_rough_becter
D:3:      makhleb_grotto_becter, serial_bayou, serial_bayou_pond_e,
          serial_bayou_shore_b, serial_bayou_crossing, serial_bayou_pond_a,
          first_bread, mrwooster_statue_mirror, kennysheep_doodads,
          minmay_misc_feat_more_columns
D:4:      minmay_temple_entry_statues_fountains, minmay_bad_closet
D:6:      serial_shops, shop, kennysheep_generic_room_13
D:7:      grunt_temple_overflow_forces_of_nature, okawaru_gym_becter
D:8:      nicolae_overflow_quartered_altars, special_room, blue_anna_alchemist
D:9:      david_orc_2, serial_shops, shop, hangedman_decor_peaks_small
D:10:     grunt_lair_entry_elf_guard_hut, nicolae_trove_entry_diagonal,
          hangedman_decor_points
D:11:     serial_shops, shop, uniq_sonja, uniq_maud
D:12:     special_room, lab_entry_generic
D:13:     lightli_vaults_fourway_checkpoint, serial_shops, shop_coins,
          hangedman_abyss_or_decor_lesser_grid, uniq_maurice
Temple:   zaba_magenta_temple_12
Lair:1:   st_stairs_7, minmay_stone_trees_small, minivault_23,
          serial_bayou_shore_a, grunt_megastairs_5

Action                   |  1- 3 |  4- 6 |  7- 9 | 10-12 || total
-------------------------+-------+-------+-------+-------++-------
Melee: War axe           |   114 |   180 |   413 |   585 ||  1292
Invok: Sacrifice Arcana  |       |       |     1 |       ||     1
       Sacrifice Stealth |       |       |       |     1 ||     1
       Reject Sacrifices |       |       |       |     1 ||     1
 Abil: Shaft Self        |       |       |     2 |       ||     2
       Dig               |       |       |     1 |     2 ||     3
  Use: Scroll            |       |       |    12 |    10 ||    22
       Potion            |       |       |     1 |       ||     1
 Stab: Distracted        |       |       |     1 |     2 ||     3
  Eat: Pizza             |       |     1 |       |       ||     1
       Bread ration      |       |     1 |     1 |     2 ||     4
       Meat ration       |       |       |     1 |     1 ||     2
       Fruit             |       |       |     9 |     9 ||    18
       Chunk             |       |       |     4 |       ||     4
       Beef jerky        |       |       |     1 |       ||     1
